 Dungeon Crawl Stone Soup version 0.31.0-11-ge490571c62 (webtiles) character file.

Game seed: 7939092040615421037

900 qw the Skirmisher (level 7, 0/35 HPs)
             Began as a Spriggan Hunter on Feb 3, 2024.
             Succumbed to a water moccasin's poison
             ... on level 5 of the Dungeon.
             The game lasted 00:00:15 (3236 turns).

qw the Skirmisher (Spriggan Hunter)                 Turns: 3236, Time: 00:00:15

Health: 0/35       AC:  2    Str: 16    XL:     7   Next: 79%
Magic:  1/8        EV: 22    Int: 10    God:
Gold:   244        SH:  0    Dex: 21    Spells: 6/6 levels left

rFire   . . .        a - +0 shortbow
rCold   . . .        (shield currently unavailable)
rNeg    . . .        c - +0 robe
rPois   .            (helmet restricted)
rElec   .            (no cloak)
rCorr   .            (gloves unavailable)
SInv    +            (boots unavailable)
Will    +....        d - amulet "Noaffona" {Spirit Str+3}
Stlth   ++           k - +6 ring of strength
HPRegen 0.25/turn    (no ring)
MPRegen 0.11/turn

%: guardian spirit
@: lethally poisoned (0 -> -4), about to teleport, very quick
A: very small, no large weapons, unfitting armour, see invisible, speed 3
a: no special abilities


You were on level 5 of the Dungeon.
You visited 1 branch of the dungeon, and saw 5 of its levels.

You collected 244 gold pieces.


Innate Abilities, Weirdness & Mutations

You are very small and have problems with some larger weapons.
You are too small for most types of armour.
You have supernaturally acute eyesight. (SInv)
You cover ground extremely quickly. (Speed+++)


   Skills:
 - Level 2.2 Fighting
 - Level 8.2 Ranged Weapons
 + Level 7.1 Dodging
 - Level 1.5 Stealth


You had 6 spell levels left.
You didn't know any spells.
Your spell library was empty.

Inventory:

Hand Weapons
 a - a +0 shortbow (weapon)
Armour
 c - a +0 robe (worn)
 n - a +2 robe of fire resistance
Jewellery
 d - the amulet "Noaffona" (around neck) {Spirit Str+3}
   (You found it on level 3 of the Dungeon)

   [amulet of guardian spirit]

   Spirit:    It causes incoming damage to be divided between your reserves of
   health and magic.
   Str+3:     It affects your strength (+3).
 k - a +6 ring of strength (left hand)
Wands
 l - a wand of polymorph (12)
Scrolls
 b - a scroll of identify
 g - 5 scrolls of teleportation
 j - a scroll of vulnerability {unknown}
 o - a scroll of enchant armour
Potions
 e - a potion of might
 f - a potion of mutation
 h - a potion of resistance
 i - a potion of haste {unknown}
 m - 4 potions of curing

Dungeon Overview and Level Annotations

Branches:
Dungeon (5/15)
 Temple: D:4-7

Altars:
Makhleb
Uskayaw

Shops:
D:5 :

Annotations:
D:5 Dowan


Message History

The water moccasin is heavily wounded.
You feel very sick. The water moccasin misses you.
The adder completely misses you. The orc misses you.
You shoot an arrow. The arrow hits the water moccasin.
The water moccasin is severely wounded.
You feel very sick. The water moccasin barely misses you.
The adder barely misses you. The orc closely misses you.
You shoot an arrow. The arrow hits the water moccasin.
The water moccasin is almost dead.
You feel very sick. The water moccasin bites you.
The adder completely misses you. The water moccasin closely misses you.
The orc hits you but does no damage.
3232 ||| READING 6 scrolls of teleportation.
As you read the scroll of teleportation, it crumbles to dust.
You feel strangely unstable.
You feel sick.
Dowan seems to find hidden reserves of power!
The adder barely misses you. The water moccasin misses you.
The orc closely misses you. The adder closely misses you.
Enter note:
3233 ||| RETREEEEATING.
You feel sick.
Dowan shouts!
Enter note:
Enter note:
3234 ||| RETREEEEATING.
You feel sick.
The water moccasin attacks as it pursues you!
The water moccasin misses you.
Enter note: You shoot an arrow.
The arrow misses the water moccasin.
You feel sick. The water moccasin closely misses you.
The orc hits you with a +0 whip.
Dowan gestures wildly while chanting.
Dowan blinks!
You shoot an arrow.
The arrow closely misses the water moccasin.
You die...

.. #####.... ...
#....#.# ..##......#
......e# .. ...
#.....# ..>#.. #.o..#
...#..# ##So###
#....# #So## ..
#...####@## ...
#.#..#....#
...###.#....##.......
#...........##.......
##
#.####....#..#.......
..
#.####[..\##.###8###8
.# #.#........#.# ##
.###...)..##..#..
.#.....##..#######


You could see a water moccasin, Dowan (fast), an orc wizard (invisible), an
adder and 2 orcs.

Vanquished Creatures
  Sigmund (D:2)
  Duvessa (D:5)
  An ice beast (D:4)
  Blork the orc (D:5)
  A hound (D:5)
  A gnoll bouda (D:5)
  5 orc priests
  An iguana (D:5)
  A sleepcap (D:5)
  2 orc wizards (D:4)
  8 adders
  A white imp (D:5)
  A dart slug (D:1)
  2 ribbon worms (D:4)
  13 orcs
  7 endoplasms
  4 giant cockroaches
  8 goblins
  7 hobgoblins
  10 jackals (D:4)
  A quokka (D:4)
  4 ball pythons
  6 bats
  4 frilled lizards
  3 kobolds
  3 rats
97 creatures vanquished.

Notes
Turn   | Place    | Note
-------+----------+-------------------------------------------
     0 | D:1      | qw the Spriggan Hunter began the quest for the Orb.
     0 | D:1      | Reached XP level 1. HP: 10/10 MP: 2/2
     0 | D:1      | 0 ||| qw: Version: 0.3-a-158-g18b3111
     0 | D:1      | 0 ||| qw: Game counter: 4192
     0 | D:1      | 0 ||| qw: Melee chars always use a shield: true
     0 | D:1      | 0 ||| qw: God list: Okawaru
     0 | D:1      | 0 ||| qw: Allow faded altars: false
     0 | D:1      | 0 ||| qw: Do Orc after clearing Dungeon:15 true
     0 | D:1      | 0 ||| qw: Do second Lair branch before Depths: true
     0 | D:1      | 0 ||| qw: Lair rune preference: random
     0 | D:1      | 0 ||| qw: Goals: Normal
     0 | D:1      | 0 ||| PLANNING D:1-11
    55 | D:1      | Reached skill level 3 in Dodging
   131 | D:1      | Reached XP level 2. HP: 14/14 MP: 3/3
   669 | D:1      | 669 ||| READING 2 scrolls labelled HOUCLY FYILAAPN.
   670 | D:1      | 670 ||| READING 2 scrolls labelled TOATU KUQ CIMN.
   671 | D:1      | 671 ||| DRINKING 2 blue potions.
   672 | D:1      | 672 ||| DROPPING scroll of butterflies.
   673 | D:1      | 673 ||| DROPPING scroll of blinking.
   674 | D:1      | 674 ||| DROPPING scroll of revelation.
   785 | D:2      | Reached XP level 3. HP: 18/18 MP: 4/4
   841 | D:2      | Found a faded altar of an unknown god.
   841 | D:2      | Noticed an eye of devastation
   843 | D:2      | Noticed a glass eye
   844 | D:2      | Noticed a shining eye
   844 | D:2      | Noticed a glass eye
   845 | D:2      | 845 ||| READING scroll labelled PIFOMO QOCWA.
   845 | D:2      | 845 ||| IDENTIFYING fizzy coppery potion
   846 | D:2      | 846 ||| READING 3 scrolls labelled ENAAMEL ZUECHU.
   848 | D:2      | 848 ||| FLEEEEING.
   849 | D:2      | 849 ||| FLEEEEING.
   949 | D:2      | Noticed Sigmund
   954 | D:2      | 954 ||| FLEEEEING.
   955 | D:2      | 955 ||| FLEEEEING.
   956 | D:2      | 956 ||| FLEEEEING.
   957 | D:2      | 957 ||| FLEEEEING.
   958 | D:2      | 958 ||| FLEEEEING.
   959 | D:2      | 959 ||| FLEEEEING.
   960 | D:2      | 960 ||| FLEEEEING.
   961 | D:2      | 961 ||| FLEEEEING.
   962 | D:2      | 962 ||| FLEEEEING.
   963 | D:2      | 963 ||| FLEEEEING.
   964 | D:2      | 964 ||| FLEEEEING.
   965 | D:2      | 965 ||| FLEEEEING.
   966 | D:2      | 966 ||| FLEEEEING.
   967 | D:2      | 967 ||| FLEEEEING.
   968 | D:2      | 968 ||| FLEEEEING.
   969 | D:2      | 969 ||| FLEEEEING.
   970 | D:2      | Killed Sigmund
   971 | D:2      | Reached skill level 6 in Ranged Weapons
   971 | D:2      | Reached XP level 4. HP: 21/22 MP: 5/5
   971 | D:2      | Reached XP level 5. HP: 24/25 MP: 6/6
  1225 | D:2      | 1225 ||| UPGRADING to +6 ring of strength.
  1226 | D:2      | 1226 ||| READING scroll labelled ZOREID KUATWINYA.
  1227 | D:2      | 1227 ||| READING scroll labelled MANOG OXOSES.
  1228 | D:2      | 1228 ||| DRINKING 2 clear potions.
  1229 | D:2      | 1229 ||| DROPPING potion of lignification.
  1230 | D:2      | 1230 ||| DROPPING potion of attraction.
  1557 | D:3      | Identified the amulet "Noaffona" {Spirit Str+3}
  1963 | D:3      | 1963 ||| UPGRADING to amulet "Noaffona" {Spirit Str+3}.
  1968 | D:3      | 1968 ||| DROPPING ring of wizardry.
  1969 | D:3      | 1969 ||| READING scroll of identify.
  1969 | D:3      | 1969 ||| IDENTIFYING glowing white potion
  1970 | D:3      | 1970 ||| READING scroll labelled EXAOQE YZEILLYANE.
  1970 | D:3      | 1970 ||| ENCHANTING +0 shortbow.
  1971 | D:3      | 1971 ||| READING scroll labelled BYNUQUIHYL.
  1972 | D:3      | 1972 ||| DRINKING 3 fuming pink potions.
  2144 | D:4      | Found a burning altar of Makhleb.
  2202 | D:4      | Found a hide-covered altar of Uskayaw.
  2232 | D:4      | Reached XP level 6. HP: 30/30 MP: 7/7
  2427 | D:4      | Noticed an ice beast
  2440 | D:4      | Reached skill level 6 in Dodging
  2462 | D:4      | Killed an ice beast
  2463 | D:4      | Reached skill level 7 in Ranged Weapons
  2463 | D:4      | Reached XP level 7. HP: 35/35 MP: 8/8
  2789 | D:4      | 2789 ||| READING 3 scrolls of identify.
  2789 | D:4      | 2789 ||| IDENTIFYING cyan potion
  2790 | D:4      | 2790 ||| READING 2 scrolls of identify.
  2790 | D:4      | 2790 ||| IDENTIFYING smoky clear potion
  2791 | D:4      | 2791 ||| DROPPING potion of berserk rage.
  2817 | D:5      | Entered Level 5 of the Dungeon
  2828 | D:5      | 2828 ||| RETREEEEATING.
  2830 | D:5      | 2830 ||| RETREEEEATING.
  2831 | D:5      | 2831 ||| RETREEEEATING.
  2832 | D:5      | 2832 ||| RETREEEEATING.
  2834 | D:5      | 2834 ||| RETREEEEATING.
  2835 | D:5      | 2835 ||| RETREEEEATING.
  2967 | D:5      | Noticed Blork the orc
  2982 | D:5      | Killed Blork the orc
  3095 | D:5      | Found Bopsoh's Book Emporium.
  3098 | D:5      | Noticed Duvessa
  3120 | D:5      | Killed Duvessa
  3121 | D:5      | Reached skill level 8 in Ranged Weapons
  3156 | D:5      | Noticed Dowan
  3157 | D:5      | 3157 ||| FLEEEEING.
  3226 | D:5      | 3226 ||| RETREEEEATING.
  3231 | D:5      | HP: 6/35 [water moccasin (4)]
  3232 | D:5      | 3232 ||| READING 6 scrolls of teleportation.
  3233 | D:5      | 3233 ||| RETREEEEATING.
  3234 | D:5      | 3234 ||| RETREEEEATING.
  3235 | D:5      | HP: 2/35 [poisoned by a water moccasin]
  3236 | D:5      | Succumbed to a water moccasin's poison

Levels and vault maps discovered:
D:1:      saegor_arrival_simple_d, layout_basic, minmay_crystal_room
D:2:      layout_rooms, hellmonk_ecumenical_altar_watching_god,
          serial_park_tiny_1, nicolae_titane, uniq_crazy_yiuf_cottage,
          uniq_sigmund
D:3:      minmay_spotlight, layout_loops_ring, minmay_misc_feat_five,
          st_stairs_6
D:4:      layout_loops_cross, mainiacjoe_overflow_24_doors, lemuel_crystal_altar
D:5:      layout_rooms, nemelex_diamond_rough_becter, serial_shops, shop,
          serial_corexii_hall, corexii_hall_statues_x, corexii_hall_statues_s,
          corexii_hall_statues_x, chequers_hall_statues_wall_a, minmay_circle_x,
          uniq_blork_the_orc, uniq_duvessa

Skill      XL: |  1  2  3  4  5  6  7 |
---------------+----------------------+-----
Dodging        | 3 4 5 6 7 |  7.1
Ranged Weapons | 6 7 8 |  8.2
Fighting       | 2 |  2.2
Stealth        | |  1.5

Action                     |  1- 3 |  4- 6 |  7- 9 || total
---------------------------+-------+-------+-------++-------
   Fire: Shortbow          |    51 |   194 |   105 ||   350
    Use: Scroll            |     4 |     5 |     3 ||    12
         Potion            |     1 |     2 |       ||     3
 Armour: Skin              |     1 |       |       ||     1
         Robe              |       |    29 |    19 ||    48
  Dodge: Dodged            |     4 |    84 |    75 ||   163

Table legend:
 A = Non-vault XP
 B = Vault XP
 C = Vault XP percentage of total XP
 D = Non-vault monster count
 E = Vault monster count
 F = Vault count percentage of total count
                 A         B        C        D         E       F
            +---------+---------+-------+---------+---------+-------
      Total |     676 |     610 |  47.4 |      86 |      11 |  11.3
            +---------+---------+-------+---------+---------+-------
        D:1 |      24 |       0 |   0.0 |      14 |       0 |   0.0
        D:2 |      41 |     214 |  83.9 |      11 |       1 |   8.3
        D:3 |      48 |       5 |   9.4 |      15 |       3 |  16.7
        D:4 |     429 |       0 |   0.0 |      41 |       0 |   0.0
        D:5 |     134 |     391 |  74.5 |       5 |       7 |  58.3
            +---------+---------+-------+---------+---------+-------
